 Dungeon Crawl Stone Soup version 0.30-b1-2-g02819fbbbe (webtiles) character file.

Game seed: 113501827903481041

4718 Fartwhistle the Skirmisher (level 10, -14/79 HPs)
             Began as a Gnoll Hunter on Sept 22, 2023.
             Was a Follower of Kikubaaqudgha.
             Demolished by a catoblepas (20 damage)
             ... on level 8 of the Dungeon.
             The game lasted 00:28:15 (8567 turns).

Fartwhistle the Skirmisher (Gnoll Hunter)           Turns: 8567, Time: 00:28:16

Health: -14/79     AC: 11    Str: 11    XL:     10   Next: 45%
Magic:  18/18      EV: 22    Int: 14    God:    Kikubaaqudgha [*.....]
Gold:   179        SH:  0    Dex: 20    Spells: 13/20 levels left

rFire   . . .        O - +6 hammer of Purpose {venom, rF- Int+4 Dex+2 SInv}
rCold   + . .        (no shield)
rNeg    . . .        I - +2 robe {rC+ rF+}
rPois   .            Q - +2 hat
rElec   .            c - +0 cloak
rCorr   .            (no gloves)
SInv    +            (no boots)
Will    .....        w - amulet of regeneration
Stlth   ++++         u - +4 ring of protection
HPRegen 1.13/turn    N - +5 ring of evasion
MPRegen 0.16/turn

%: no passive effects
@: no status effects
A: fangs 1, strong nose, distributed training
a: Renounce Religion, Unearth Wretches


You were on level 8 of the Dungeon.
You worshipped Kikubaaqudgha.
Kikubaaqudgha was aware of your devotion.
You visited 2 branches of the dungeon, and saw 9 of its levels.
You also visited: Ossuary and Bailey.

You collected 522 gold pieces.
You spent 343 gold pieces at shops.

Inventory:

Hand Weapons
 a - a +0 shortbow
 k - a +3 short sword
 A - a +2 flail of venom
 H - a +2 whip of electrocution
 O - the +6 hammer of Purpose (weapon) {venom, rF- Int+4 Dex+2 SInv}
   (You found it on level 7 of the Dungeon)

   Int:       It affects your intelligence (+4).
   Dex:       It affects your dexterity (+2).
   rF:        It makes you vulnerable to fire.
   SInv:      It lets you see invisible.
Missiles
 o - 3 poisoned darts
 y - 3 atropa-tipped darts
 R - 23 boomerangs
Armour
 c - a +0 cloak (worn)
 C - a +1 robe of willpower
 D - +0 steam dragon scales
 I - a +2 robe of resistance (worn)
 Q - a +2 hat (worn)
 W - a +1 pair of boots of rampaging
Jewellery
 r - a ring of resist corrosion
 u - a +4 ring of protection (left hand)
 w - an amulet of regeneration (around neck)
 F - a +6 ring of dexterity
 N - a +5 ring of evasion (right hand)
 V - the ring of Generosity {rN+ Dex+3 SInv}
   (You acquired it on level 8 of the Dungeon)

   [ring of positive energy]

   Dex:       It affects your dexterity (+3).
   rN:        It protects you from negative energy.
   SInv:      It lets you see invisible.
Wands
 J - a wand of roots (1)
 P - a wand of quicksilver (5)
 X - a wand of charming (4)
Scrolls
 b - 4 scrolls of immolation
 e - 2 scrolls of summoning
 f - 3 scrolls of teleportation
 i - 2 scrolls of vulnerability {unknown}
 j - 5 scrolls of magic mapping
 l - 4 scrolls of fog {unknown}
 m - 2 scrolls of enchant weapon {unknown}
 s - 4 scrolls of blinking {unknown}
 x - 3 scrolls of poison
 B - 2 scrolls of torment
 E - 4 scrolls of fear
 S - a scroll of brand weapon {unknown}
 T - a scroll of enchant armour {unknown}
Potions
 d - 2 potions of haste
 g - 2 potions of mutation
 h - 11 potions of curing
 n - 4 potions of heal wounds
 p - 4 potions of attraction
 q - 4 potions of might
 t - a potion of flight
 v - a potion of magic
 z - 2 potions of ambrosia
 G - a potion of berserk rage
 K - a potion of cancellation {unknown}
 L - a potion of lignification {unknown}
 M - 2 potions of brilliance
 U - a potion of invisibility {unknown}


   Skills:
 + Level 7.2 Fighting
 + Level 5.5 Short Blades
 + Level 5.5 Long Blades
 + Level 5.5 Axes
 + Level 5.5 Maces & Flails
 + Level 5.5 Polearms
 + Level 5.5 Staves
 + Level 10.2 Ranged Weapons
 + Level 5.5 Throwing
 + Level 5.5 Armour
 + Level 7.2 Dodging
 + Level 6.0 Stealth
 + Level 5.5 Shields
 + Level 5.5 Unarmed Combat
 + Level 5.5 Spellcasting
 + Level 4.5 Conjurations
 + Level 4.5 Hexes
 + Level 4.5 Summonings
 + Level 4.5 Necromancy
 + Level 4.5 Translocations
 + Level 4.5 Transmutations
 + Level 4.5 Fire Magic
 + Level 4.5 Ice Magic
 + Level 4.5 Air Magic
 + Level 4.5 Earth Magic
 + Level 4.5 Poison Magic
 + Level 6.0 Invocations
 + Level 5.5 Evocations


You had 13 spell levels left.
You knew the following spells:

 Your Spells              Type           Power      Damage    Failure   Level
a - Slow                  Hex            64%        N/A       2%          1
b - Mephitic Cloud        Conj/Pois/Air  16%        N/A       8%          3
c - Ozocubu's Armour      Ice            16%        N/A       8%          3

Your spell library contained the following spells:

 Spells                   Type           Power      Damage    Failure   Level
 Apportation              Tloc           32%        N/A       2%          1
 Kiss of Death            Conj/Necr      64%        2d10      2%          1
 Magic Dart               Conj           64%        1d6       2%          1
 Necrotise                Necr           64%        1d7       2%          1
 Call Imp                 Summ           32%        N/A       3%          2
 Sublimation of Blood     Necr           16%        N/A       3%          2
 Confusing Touch          Hex            16%        N/A       8%          3
 Inner Flame              Hex/Fire       16%        N/A       8%          3
 Vampiric Draining        Necr           16%        2d7       8%          3
 Animate Dead             Necr           16%        N/A       26%         4
 Flame Wave               Conj/Fire      16%        2d7       26%         4
 Sticky Flame             Conj/Fire      16%        2d4       26%         4
 Agony                    Necr           16%        N/A       56%         5
 Alistair's Intoxication  Tmut/Pois      10%        N/A       56%         5
 Metabolic Englaciation   Hex/Ice        8%         N/A       56%         5
 Simulacrum               Ice/Necr       8%         N/A       98%         6


Dungeon Overview and Level Annotations

Branches:
Dungeon (8/15)             Temple (1/1) D:6         Ossuary (visited)
 Bailey (visited)
   Lair: D:8-11

Altars:
Ashenzari
Cheibriados
Dithmenos
Elyvilon
Fedhas
Gozag
Hepliaklqana
Kikubaaqudgha
Makhleb
Nemelex Xobeh
Okawaru
Qazlal
Ru
Sif Muna
Trog
Uskayaw
Vehumet
Wu Jian
Xom
Yredelemnul
Zin
The Shining One

Shops:
D:4 ?!

Annotations:
D:8 exclusion: 2 doors


Innate Abilities, Weirdness & Mutations

You have very sharp teeth.
Your uncanny sense of smell can sniff out nearby items.
Your experience applies equally to all skills.


Message History

The catoblepas looks as sick as possible!
You bite the catoblepas, but do no damage.
The catoblepas is moderately wounded.
The catoblepas barely misses you.
You thump the catoblepas!
The catoblepas looks as sick as possible!
The catoblepas is heavily wounded.
The catoblepas barely misses you.
The catoblepas gores you but does no damage.
You hit the catoblepas.
The catoblepas looks as sick as possible!
The catoblepas is heavily wounded.
The catoblepas closely misses you.
You hit the catoblepas but do no damage.
The catoblepas looks as sick as possible!
The catoblepas is heavily wounded.
The catoblepas breathes a plume of calcifying dust at you.
The blast of calcifying dust hits you!
The catoblepas breathes a plume of calcifying dust at you.
The blast of calcifying dust hits you but does no damage.
You hit the catoblepas but do no damage.
The catoblepas looks as sick as possible!
You bite the catoblepas, but do no damage.
The catoblepas is heavily wounded.
You are engulfed in calcifying dust.
The catoblepas gores you.
You hit the catoblepas.
The catoblepas looks as sick as possible!
The catoblepas is heavily wounded.
The catoblepas gores you!
You hit the catoblepas but do no damage.
The catoblepas looks as sick as possible!
You punch the catoblepas, but do no damage.
The catoblepas is heavily wounded.
The catoblepas breathes a plume of calcifying dust at you.
The blast of calcifying dust hits you. The catoblepas gores you!!
* * * LOW HITPOINT WARNING * * *
The catoblepas gores you!!
You die...
Kikubaaqudgha rasps: "You have failed me!
Welcome... death!"

,*,,,,,,,,,,,,,,,,..,####.#####
**,,,,,,,,,,,,,,,,.,,#........#
*,,,*,,,,,,,,,,,,,,..#........#
*,,**,,,,,,,,,,∆,,...#........#
,,,**,,,...,,,,,,,...#..≈≈÷≈≈.##
,,***,,,,..∆,*****#.##..≈...≈..#
,,* *,,,,,..,* ###.###.~.∩.~..#
,** ****,,,.,*###.......≈.>.≈..#
,* ****#.*#.@.....#.≈≈~≈≈..# **
***#***#.##.#Y§§§§#........#
,****,,....#.†#.#.....####...###
,,,,,,,..[...†>.###§#####...[#
,****,,....##...# #.####..[..#
,**,,,,.,,,.....# #....#...[.#
,**,******###...# #....#....###
,**,* #...# #....'......# ,**,*
#...# ##...#....#.#


You could see a catoblepas (extremely poisoned).

Vanquished Creatures
  2 centaur warriors (D:8)
  Pikel (D:6)
  A hornet (D:7)
  Sigmund (D:6)
  A steam dragon (D:5)
  Menkaure (D:6)
  A vampire mosquito (D:8)
  A water moccasin (D:5)
  2 black bears (D:5)
  An ice beast (D:7)
  A sky beast (D:7)
  3 orc warriors (Bailey)
  3 ogres
  4 lemures
  A bullfrog (D:5)
  5 wights
  3 killer bees (D:8)
  4 hounds
  2 jellies
  2 orc priests
  3 sleepcaps (D:5)
  Crazy Yiuf (D:7)
  4 iguanas
  4 orc wizards
  8 mummies (Ossuary)
  4 gnolls (D:4)
  10 adders
  A shadow imp (D:7)
  A white imp (D:5)
  An ufetubus (D:6)
  3 worms
  5 dart slugs
  18 orcs
  9 endoplasms
  7 giant cockroaches
  A gnoll zombie (Ossuary)
  17 goblins
  11 hobgoblins
  15 kobolds
  4 quokkas
  6 ball pythons
  2 bats
  7 frilled lizards
  2 hobgoblin zombies (Ossuary)
  2 kobold zombies (Ossuary)
  3 orc zombies (Ossuary)
  7 rats
196 creatures vanquished.

Vanquished Creatures (others)
  A jelly (D:5)
  3 plants (D:1)
4 creatures vanquished.

Grand Total: 200 creatures vanquished

Notes
Turn   | Place    | Note
-------+----------+-------------------------------------------
     0 | D:1      | Fartwhistle the Gnoll Hunter began the quest for the Orb.
     0 | D:1      | Reached XP level 1. HP: 20/20 MP: 1/1
   108 | D:1      | Reached XP level 2. HP: 26/26 MP: 2/2
   222 | D:1      | Reached XP level 3. HP: 25/31 MP: 3/3
   467 | D:2      | Reached skill level 1 in Invocations
   512 | D:2      | Reached skill level 1 in Short Blades
   512 | D:2      | Reached skill level 1 in Long Blades
   512 | D:2      | Reached skill level 1 in Axes
   512 | D:2      | Reached skill level 1 in Maces & Flails
   512 | D:2      | Reached skill level 1 in Polearms
   512 | D:2      | Reached skill level 1 in Staves
   512 | D:2      | Reached skill level 1 in Throwing
   512 | D:2      | Reached skill level 1 in Armour
   512 | D:2      | Reached skill level 1 in Shields
   512 | D:2      | Reached skill level 1 in Unarmed Combat
   512 | D:2      | Reached skill level 1 in Spellcasting
   512 | D:2      | Reached skill level 1 in Evocations
   542 | D:2      | Reached XP level 4. HP: 13/38 MP: 5/5
   735 | D:2      | Reached skill level 1 in Conjurations
   735 | D:2      | Reached skill level 1 in Hexes
   735 | D:2      | Reached skill level 1 in Summonings
   735 | D:2      | Reached skill level 1 in Necromancy
   735 | D:2      | Reached skill level 1 in Translocations
   735 | D:2      | Reached skill level 1 in Transmutations
   735 | D:2      | Reached skill level 1 in Fire Magic
   735 | D:2      | Reached skill level 1 in Ice Magic
   735 | D:2      | Reached skill level 1 in Air Magic
   735 | D:2      | Reached skill level 1 in Earth Magic
   735 | D:2      | Reached skill level 1 in Poison Magic
  1389 | D:3      | Reached XP level 5. HP: 43/43 MP: 7/7
  2424 | D:4      | Noticed an ogre
  2446 | D:4      | Killed an ogre
  2447 | D:4      | Reached skill level 5 in Fighting
  2447 | D:4      | Reached skill level 5 in Dodging
  2447 | D:4      | Reached XP level 6. HP: 51/51 MP: 7/9
  2936 | D:4      | Found an opulent altar of Gozag.
  3030 | D:4      | Found Iropov's Distillery.
  3030 | D:4      | Found Edas's Magic Scroll Shop.
  3038 | D:4      | Bought a potion of heal wounds for 60 gold pieces
  3038 | D:4      | Bought a potion of might for 48 gold pieces
  3060 | D:4      | Bought a scroll of identify for 26 gold pieces
  3373 | D:5      | Entered Level 5 of the Dungeon
  3435 | D:5      | Found a sand-covered staircase.
  3444 | Ossuary  | Entered an ossuary
  3486 | Ossuary  | Reached XP level 7. HP: 43/56 MP: 10/10
  4077 | D:5      | Learned a level 1 spell: Slow
  4188 | D:4      | Reached skill level 9 in Ranged Weapons
  4347 | D:5      | Noticed a steam dragon
  4375 | D:5      | Killed a steam dragon
  4376 | D:5      | Reached XP level 8. HP: 35/63 MP: 12/12
  4439 | D:5      | Learned a level 3 spell: Mephitic Cloud
  5189 | D:6      | Noticed Pikel
  5271 | D:4      | Bought a scroll of fear for 52 gold pieces
  5271 | D:4      | Bought a scroll of magic mapping for 97 gold pieces
  5294 | D:4      | Bought a potion of berserk rage for 60 gold pieces
  5432 | D:6      | Found a staircase to the Ecumenical Temple.
  5438 | Temple   | Entered the Ecumenical Temple
  5544 | Temple   | Became a worshipper of Kikubaaqudgha
  5581 | D:6      | Noticed Menkaure
  5584 | D:6      | Noticed Sigmund
  6493 | D:6      | Reached XP level 9. HP: 69/69 MP: 14/14
  6593 | D:6      | Killed Pikel
  6601 | D:6      | Killed Menkaure
  6602 | D:6      | Reached skill level 5 in Stealth
  6678 | D:6      | Killed Sigmund
  6716 | D:6      | Reached skill level 5 in Invocations
  6915 | D:7      | Noticed a hornet
  6928 | D:7      | Killed a hornet
  7381 | D:7      | Found a runed translucent door.
  7382 | D:7      | Noticed Crazy Yiuf
  7505 | D:7      | Killed Crazy Yiuf
  7510 | D:7      | Identified the +6 hammer of Purpose {venom, rF- Int+4 Dex+2
                  | SInv}
  7829 | D:8      | Found a flagged portal.
  7858 | Bailey   | Entered a bailey
  7863 | Bailey   | Noticed an orc warlord
  7870 | Bailey   | Reached * piety under Kikubaaqudgha
  7870 | Bailey   | Received a gift from Kikubaaqudgha
  7904 | Bailey   | Learned a level 3 spell: Ozocubu's Armour
  7977 | Bailey   | Found a runed translucent gate.
  7977 | Bailey   | Found a runed translucent gate.
  7996 | Bailey   | Found a runed translucent gate.
  8028 | Bailey   | Reached skill level 5 in Short Blades
  8028 | Bailey   | Reached skill level 5 in Long Blades
  8028 | Bailey   | Reached skill level 5 in Axes
  8028 | Bailey   | Reached skill level 5 in Maces & Flails
  8028 | Bailey   | Reached skill level 5 in Polearms
  8028 | Bailey   | Reached skill level 5 in Staves
  8028 | Bailey   | Reached skill level 5 in Throwing
  8028 | Bailey   | Reached skill level 5 in Armour
  8028 | Bailey   | Reached skill level 5 in Shields
  8028 | Bailey   | Reached skill level 5 in Unarmed Combat
  8028 | Bailey   | Reached skill level 5 in Spellcasting
  8028 | Bailey   | Reached skill level 5 in Evocations
  8028 | Bailey   | Reached XP level 10. HP: 77/77 MP: 14/17
  8352 | D:8      | Acquired the ring of Generosity {rN+ Dex+3 SInv}
  8370 | D:8      | Noticed a centaur warrior
  8385 | D:8      | Killed a centaur warrior
  8386 | D:8      | Reached skill level 10 in Ranged Weapons
  8434 | D:8      | Noticed a centaur warrior
  8440 | D:8      | Noticed a centaur warrior
  8447 | D:8      | Killed a centaur warrior
  8482 | D:8      | Noticed a boulder beetle
  8490 | D:8      | Noticed a boulder beetle
  8535 | D:8      | Noticed a catoblepas
  8567 | D:8      | Demolished by a catoblepas

Illustrated notes

Levels and vault maps discovered:
D:1:      roderic_crop_circles_arrival_small, layout_basic
D:2:      layout_basic
D:3:      layout_basic, amcnicky_mini_rare_corridor_liquid,
          kennysheep_generic_room_2
D:4:      kennysheep_spiral_hall, layout_basic, grunt_gozag_statues,
          nrook_campfire, kennysheep_nondescript, nicolae_wooded_promenade,
          minmay_splitting_lines
D:5:      layout_loops_corners, nicolae_ossuary_entry_ruins,
          minmay_quadrilaterals
D:6:      layout_rooms, minmay_temple_entry_hall, lightli_corner_chamber,
          uniq_sigmund, uniq_pikel, uniq_menkaure
D:7:      layout_basic, minmay_liquid_box, uniq_crazy_yiuf_cottage
D:8:      minmay_diamond_stairs, layout_basic, enter_bailey_5, chequers_garden,
          minmay_evil_grid, uniq_maurice, uniq_psyche
Temple:   grunt_wide_crystal_templ

Skill      XL: |  1  2  3  4  5  6  7  8  9 10 |
---------------+-------------------------------+-----
Invocations    | 1 2 3 4 5 6 |  6.0
Short Blades   | 1 2 3 5 |  5.5
Long Blades    | 1 2 3 5 |  5.5
Axes           | 1 2 3 5 |  5.5
Maces & Flails | 1 2 3 5 |  5.5
Polearms       | 1 2 3 5 |  5.5
Staves         | 1 2 3 5 |  5.5
Throwing       | 1 2 3 5 |  5.5
Armour         | 1 2 3 5 |  5.5
Shields        | 1 2 3 5 |  5.5
Unarmed Combat | 1 2 3 5 |  5.5
Spellcasting   | 1 2 3 5 |  5.5
Evocations     | 1 2 3 5 |  5.5
Conjurations   | 1 2 3 4 |  4.5
Hexes          | 1 2 3 4 |  4.5
Summonings     | 1 2 3 4 |  4.5
Necromancy     | 1 2 3 4 |  4.5
Translocations | 1 2 3 4 |  4.5
Transmutations | 1 2 3 4 |  4.5
Fire Magic     | 1 2 3 4 |  4.5
Ice Magic      | 1 2 3 4 |  4.5
Air Magic      | 1 2 3 4 |  4.5
Earth Magic    | 1 2 3 4 |  4.5
Poison Magic   | 1 2 3 4 |  4.5
Stealth        | 3 4 5 6 |  6.0
Fighting       | 5 6 7 |  7.2
Dodging        | 5 6 7 |  7.2
Ranged Weapons | 9 10 | 10.2

Action                     |  1- 3 |  4- 6 |  7- 9 | 10-12 || total
---------------------------+-------+-------+-------+-------++-------
  Melee: Short sword       |       |    12 |   153 |       ||   165
         Bite              |       |       |    26 |     7 ||    33
         Punch             |       |       |     5 |     2 ||     7
         Whip              |       |       |     7 |       ||     7
         Mace              |       |       |       |    44 ||    44
   Fire: Shortbow          |    91 |   205 |   380 |    21 ||   697
   Cast: Slow              |       |       |    11 |     2 ||    13
         Mephitic Cloud    |       |       |    10 |     3 ||    13
  Evoke: Wand              |       |       |       |     2 ||     2
    Use: Scroll            |       |     7 |     8 |     4 ||    19
         Potion            |       |       |     1 |       ||     1
   Stab: Confused          |       |       |       |     2 ||     2
 Armour: Leather armour    |     4 |    20 |    28 |       ||    52
         Steam dragon scal |       |       |    81 |       ||    81
         Robe              |       |       |    19 |    27 ||    46
  Dodge: Dodged            |    24 |    53 |   285 |    79 ||   441
